[Event "Mitropa Cup Women 2019"]
[Site "Radenci"]
[Date "2019.05.29"]
[Round "3.7"]
[White "Blazeka, Mihaela"]
[Black "Palma, Maria"]
[Result "1-0"]
[ECO "B27"]
[WhiteElo "2118"]
[BlackElo "2018"]
[Annotator "NA"]
[PlyCount "61"]
[EventDate "2019.05.27"]
[EventType "team-tourn"]
[EventCountry "SLO"]
[SourceTitle "playchess.com"]
[Source "ChessBase"]
[SourceQuality "1"]
[WhiteTeam "Croatia"]
[BlackTeam "Italy"]
[WhiteTeamCountry "CRO"]
[BlackTeamCountry "ITA"]
[TimeControl "40/5400+30:1800+30"]

1. e4 c5 2. Nf3 g6 3. Bc4 Bg7 4. O-O Nc6 5. c3 e6 6. d4 cxd4 7. Nxd4 Nxd4 8. cxd4 d5 9. exd5 exd5 10. Re1+ Be6 11. Bb5+ Kf8 12. Qf3 Bf6 13. Nc3 Kg7 14. Bf4 h5 15. Ba4 Bxd4 16. Rad1 Bg4 17. Qd3 Bf6 18. Re8 Qxe8 19. Bxe8 Bxd1 20. Bxf7 Kxf7 21. Qxd5+ Kg7 22. Qxb7+ Ne7 23. Nxd1 g5 24. Be5 Rhe8 25. Bxf6+ Kxf6 26. Ne3 Rab8 27. Qxa7 Red8 28. b3 Nf5 29. h3 Ra8 30. Qb6+ Rd6 31. Qc5 1-0

[Event "Mitropa Cup Women 2019"]
[Site "Radenci"]
[Date "2019.05.29"]
[Round "3.8"]
[White "Andolfatto, Maria"]
[Black "Spiranec, Noemi"]
[Result "1/2-1/2"]
[ECO "E03"]
[WhiteElo "2041"]
[BlackElo "2009"]
[Annotator "NA"]
[PlyCount "126"]
[EventDate "2019.05.27"]
[EventType "team-tourn"]
[EventCountry "SLO"]
[SourceTitle "playchess.com"]
[Source "ChessBase"]
[SourceQuality "1"]
[WhiteTeam "Italy"]
[BlackTeam "Croatia"]
[WhiteTeamCountry "ITA"]
[BlackTeamCountry "CRO"]
[TimeControl "40/5400+30:1800+30"]

1. Nf3 Nf6 2. c4 e6 3. g3 d5 4. Bg2 dxc4 5. Qa4+ Nbd7 6. Qxc4 a6 7. Qc2 c5 8. d4 cxd4 9. Nxd4 Bb4+ 10. Bd2 Bxd2+ 11. Nxd2 O-O 12. O-O Rb8 13. Rac1 Nb6 14. N2b3 e5 15. Nf5 g6 16. Ne3 Be6 17. Rfd1 Qe7 18. Qc7 Qxc7 19. Rxc7 Na4 20. Rxb7 Nxb2 21. Rd6 Na4 22. Rxa6 Nc3 23. Kf1 Rxb7 24. Bxb7 Rb8 25. Ra8 Rxa8 26. Bxa8 Nxa2 27. Nc5 Bh3+ 28. Ke1 Nb4 29. Nc4 e4 30. Ne3 Nd7 31. Nxe4 Be6 32. Bb7 h6 33. Bc8 Kf8 34. Kd2 Ke7 35. Bb7 f5 36. Nc3 Nc5 37. Bf3 Nb3+ 38. Ke1 Nd4 39. Ned5+ Nxd5 40. Bxd5 Bd7 41. e3 Nb5 42. Nxb5 Bxb5 43. Kd2 g5 44. Kc3 Kf6 45. Kd4 g4 46. Bb7 Bf1 47. Bc6 Ke6 48. Bb7 Kf6 49. Bd5 Bh3 50. e4 fxe4 51. Bxe4 Bf1 52. Ke3 Kg5 53. Bc6 Kf5 54. Bd7+ Kg5 55. h4+ gxh3 56. f4+ Kf6 57. Kf2 h2 58. Bc6 Bh3 59. Be4 h5 60. Bh1 Kf5 61. Bb7 Kf6 62. Bc6 Bd7 63. Bf3 Bg4 1/2-1/2

[Event "Mitropa Cup Women 2019"]
[Site "Radenci"]
[Date "2019.05.29"]
[Round "3.9"]
[White "Navrotescu, Andreea-Cristiana"]
[Black "Georgescu, Lena"]
[Result "1-0"]
[ECO "E46"]
[WhiteElo "2233"]
[BlackElo "2191"]
[Annotator "ChessBase"]
[PlyCount "145"]
[EventDate "2019.05.27"]
[EventType "team-tourn"]
[EventCountry "SLO"]
[SourceTitle "playchess.com"]
[Source "ChessBase"]
[SourceQuality "1"]
[WhiteTeam "France"]
[BlackTeam "Switzerland"]
[WhiteTeamCountry "FRA"]
[BlackTeamCountry "SUI"]
[TimeControl "40/5400+30:1800+30"]

1. d4 Nf6 2. c4 e6 3. Nc3 Bb4 4. e3 O-O 5. Nge2 d5 6. a3 Bd6 7. Ng3 c5 8. dxc5 Bxc5 9. b4 Be7 10. Bb2 a5 11. b5 dxc4 12. Bxc4 Nbd7 13. O-O Nb6 14. Ba2 Qxd1 15. Rfxd1 Bd7 16. a4 Rfd8 17. Bb3 Rac8 18. Rac1 Be8 19. Rxd8 Bxd8 20. Rd1 Be7 21. Nge4 Kf8 22. h3 Nc4 23. Ba1 h5 24. Kf1 Nxe4 25. Nxe4 Bb4 26. Ke2 Ba3 27. Rd3 Bb4 28. f4 Nb6 29. Nd6 Bxd6 30. Rxd6 Nd5 31. Bb2 Ke7 32. Ba3 Nc3+ 33. Kf3 Nb1 34. Rxe6+ Kd8 35. Rd6+ Kc7 36. b6+ Kb8 37. Bb2 f6 38. Rd1 Nc3 39. Rd4 Bc6+ 40. Kf2 Nxa4 41. Bxa4 Bxa4 42. Ba3 Bc6 43. Bd6+ Ka8 44. Bc7 Re8 45. e4 Bxe4 46. Ra4 Bd3 47. Rxa5+ Ba6 48. Rxh5 g6 49. Rd5 Bc4 50. Rd6 Rf8 51. g4 f5 52. Rxg6 fxg4 53. hxg4 Bd3 54. Rg7 Be4 55. Kg3 Re8 56. Rd7 Bf5 57. Rd5 Bd3 58. Bd8 Bc4 59. Rc5 Be6 60. Ra5+ Kb8 61. Bc7+ Kc8 62. f5 Bf7 63. g5 Kd7 64. Kf4 Rg8 65. Ra3 Rf8 66. Ke5 Rg8 67. Kf6 Be8 68. Rd3+ Kc6 69. Rd8 Rf8+ 70. Ke5 Rh8 71. g6 Rh1 72. Kf6 Bd7 73. g7 1-0

[Event "Mitropa Cup Women 2019"]
[Site "Radenci"]
[Date "2019.05.29"]
[Round "3.10"]
[White "Hund, Barbara"]
[Black "Afraoui, Anaelle"]
[Result "0-1"]
[ECO "B23"]
[WhiteElo "2127"]
[BlackElo "2068"]
[Annotator "ChessBase"]
[PlyCount "104"]
[EventDate "2019.05.27"]
[EventType "team-tourn"]
[EventCountry "SLO"]
[SourceTitle "playchess.com"]
[Source "ChessBase"]
[SourceQuality "1"]
[WhiteTeam "Switzerland"]
[BlackTeam "France"]
[WhiteTeamCountry "SUI"]
[BlackTeamCountry "FRA"]
[TimeControl "40/5400+30:1800+30"]

1. e4 c5 2. Nc3 Nc6 3. f4 e6 4. Nf3 d5 5. Bb5 Nge7 6. O-O a6 7. Bxc6+ Nxc6 8. a4 Be7 9. d3 O-O 10. Ne5 Nxe5 11. fxe5 dxe4 12. dxe4 Qd4+ 13. Qxd4 cxd4 14. Nd1 Bd7 15. c3 Bc5 16. Kh1 Bc6 17. Re1 Rfd8 18. Bd2 dxc3 19. Bxc3 Rd3 20. h3 Rad8 21. Kh2 Kf8 22. Rf1 Ke8 23. a5 Bxe4 24. Nf2 Re3 25. Nxe4 Rxe4 26. Rf3 Bd4 27. Raf1 Rd7 28. Bxd4 Rexd4 29. Rc1 R4d5 30. Rc8+ Ke7 31. Rh8 g6 32. Rxh7 Kf8 33. b4 Rxe5 34. Rh4 Red5 35. Re4 Kg7 36. g4 Rd4 37. Rfe3 Rxe4 38. Rxe4 Rd3 39. h4 Rb3 40. g5 Kf8 41. Rc4 Kg7 42. Re4 Rd3 43. Rc4 Rd5 44. Kg3 Kf8 45. Kg4 Ke7 46. h5 gxh5+ 47. Kxh5 e5 48. g6 fxg6+ 49. Kxg6 Ke6 50. Rc8 Rb5 51. Re8+ Kd5 52. Kf5 Kc4 0-1

[Event "Mitropa Cup Women 2019"]
[Site "Radenci"]
[Date "2019.05.29"]
[Round "3.11"]
[White "Choisy, Mathilde"]
[Black "Hund, Sarah"]
[Result "1/2-1/2"]
[ECO "C55"]
[WhiteElo "2113"]
[BlackElo "2016"]
[Annotator "NA"]
[PlyCount "61"]
[EventDate "2019.05.27"]
[EventType "team-tourn"]
[EventCountry "SLO"]
[SourceTitle "playchess.com"]
[Source "ChessBase"]
[SourceQuality "1"]
[WhiteTeam "France"]
[BlackTeam "Switzerland"]
[WhiteTeamCountry "FRA"]
[BlackTeamCountry "SUI"]
[TimeControl "40/5400+30:1800+30"]

1. e4 e5 2. Nf3 Nc6 3. Bc4 Nf6 4. d3 Be7 $14 5. O-O d6 6. a4 O-O 7. Re1 Bg4 8. h3 Bh5 9. c3 Nd7 10. a5 a6 11. b4 Re8 12. Nbd2 Nf8 13. Nf1 Ne6 14. Ng3 Bxf3 15. Qxf3 Bg5 16. Nf5 Bxc1 17. Raxc1 Qf6 18. Re3 Ne7 19. Nxe7+ Qxe7 20. Qg4 Rad8 21. Ree1 c6 22. Bxe6 Qxe6 23. Qxe6 Rxe6 24. c4 Kf8 25. Kf1 f6 26. Re2 d5 27. cxd5 cxd5 28. Rc7 Re7 29. Rec2 dxe4 30. dxe4 Rd4 31. Rxe7 1/2-1/2

[Event "Mitropa Cup Women 2019"]
[Site "Radenci"]
[Date "2019.05.29"]
[Round "3.12"]
[White "Pellicoro, Nathalie"]
[Black "Djidjeli, Sarah"]
[Result "1/2-1/2"]
[ECO "B26"]
[WhiteElo "1893"]
[BlackElo "2012"]
[Annotator "NA"]
[PlyCount "87"]
[EventDate "2019.05.27"]
[EventType "team-tourn"]
[EventCountry "SLO"]
[SourceTitle "playchess.com"]
[Source "ChessBase"]
[SourceQuality "1"]
[WhiteTeam "Switzerland"]
[BlackTeam "France"]
[WhiteTeamCountry "SUI"]
[BlackTeamCountry "FRA"]
[TimeControl "40/5400+30:1800+30"]

1. e4 c5 2. Nc3 Nc6 3. g3 g6 4. Bg2 Bg7 5. d3 d6 6. Be3 e5 7. Qd2 Nd4 8. Nce2 Be6 9. c3 Nxe2 10. Nxe2 Qd7 11. O-O Ne7 12. Rfd1 O-O 13. d4 Qc7 14. dxe5 dxe5 15. Qd6 Rac8 16. f4 Bh6 17. Kf2 Bg7 18. a3 b6 19. a4 Nc6 20. Rd2 Qb7 21. Qd3 Na5 22. Nc1 Rcd8 23. Qxd8 Rxd8 24. Rxd8+ Bf8 25. f5 Nc6 26. Rxf8+ Kxf8 27. fxe6 fxe6 28. Nd3 Qd7 29. Ke2 c4 30. Nf2 Na5 31. Bh6+ Ke8 32. Rd1 Qxa4 33. Bh3 Qc6 34. Kf3 Nb7 35. Bg5 h5 36. Bf6 Nc5 37. Bxe5 Nd3 38. Nxd3 cxd3 39. Rxd3 Qb5 40. Rd6 g5 41. Rxe6+ Kf7 42. Bf5 Qd3+ 43. Kf2 Qd2+ 44. Kg1 1/2-1/2

[Event "Mitropa Cup Women 2019"]
[Site "Radenci"]
[Date "2019.05.29"]
[Round "3.13"]
[White "Unuk, Laura"]
[Black "Ragger, Anna-Christina"]
[Result "1/2-1/2"]
[ECO "D17"]
[WhiteElo "2265"]
[BlackElo "2272"]
[Annotator "ChessBase"]
[PlyCount "171"]
[EventDate "2019.05.27"]
[EventType "team-tourn"]
[EventCountry "SLO"]
[SourceTitle "playchess.com"]
[Source "ChessBase"]
[SourceQuality "1"]
[WhiteTeam "Slovenia"]
[BlackTeam "Austria"]
[WhiteTeamCountry "SLO"]
[BlackTeamCountry "AUT"]
[TimeControl "40/5400+30:1800+30"]

1. d4 d5 2. c4 c6 3. Nf3 Nf6 4. Nc3 dxc4 5. a4 Bf5 6. Ne5 Nbd7 7. Nxc4 Nb6 8. Ne5 a5 9. g3 e6 10. Bg2 Bb4 11. O-O O-O 12. e3 h6 13. Qe2 Bh7 14. Rd1 Nfd7 15. Nd3 Qe7 16. e4 e5 17. d5 Nc5 18. Be3 Nxd3 19. Qxd3 Nxd5 20. Nxd5 cxd5 21. Qxd5 Rfd8 22. Qb5 Bg6 23. Bb6 Rd6 24. Rac1 f6 25. Rxd6 Qxd6 26. Bc7 Qd2 27. Rf1 Rc8 28. Bb6 Bf7 29. Bh3 Rc1 30. Be3 Rxf1+ 31. Bxf1 Qxb2 32. Qxb7 Qc2 33. Bb5 Qd1+ 34. Kg2 Bh5 35. Qc8+ Kh7 36. Bc4 Bf8 37. Qe6 Qf3+ 38. Kg1 Qd1+ 39. Kg2 Qf3+ 40. Kh3 f5 41. Qg8+ Kg6 42. Qf7+ Kh7 43. Qxf5+ Qxf5+ 44. exf5 Bd1 45. Bb5 h5 46. Kh4 Be7+ 47. Bg5 Bc5 48. Be3 Be7+ 49. Bg5 Bc5 50. f6 Bxf2 51. f7 Bc5 52. Bd3+ g6 53. Bd8 Kg7 54. Bxa5 Bxa4 55. Bc3 Be7+ 56. Kh3 Kf6 57. Bc4 Bc6 58. Bb2 g5 59. g4 h4 60. Bb3 Bf3 61. Bc4 Bd6 62. Bd5 Be2 63. Kg2 Bxg4 64. Bc3 Be6 65. Be4 Bxf7 66. Kf3 Bh5+ 67. Kf2 Bc5+ 68. Kg2 g4 69. Ba5 Kg5 70. Bd2+ Kf6 71. Be1 h3+ 72. Kg3 Be3 73. Kh4 Be8 74. Kxg4 Bd7+ 75. Kh5 Bf4 76. Bf3 Bxh2 77. Bg4 Bg1 78. Bxd7 h2 79. Bh4+ Kf7 80. Bc6 Ke6 81. Kg4 Kd6 82. Bf3 Kc5 83. Kf5 Kd4 84. Bg3 Kc3 85. Bxe5+ Bd4 86. Bxh2 1/2-1/2

[Event "Mitropa Cup Women 2019"]
[Site "Radenci"]
[Date "2019.05.29"]
[Round "3.14"]
[White "Newrkla, Katharina"]
[Black "Janzelj, Lara"]
[Result "1/2-1/2"]
[ECO "C41"]
[WhiteElo "2190"]
[BlackElo "2203"]
[Annotator "NA"]
[PlyCount "65"]
[EventDate "2019.05.27"]
[EventType "team-tourn"]
[EventCountry "SLO"]
[SourceTitle "playchess.com"]
[Source "ChessBase"]
[SourceQuality "1"]
[WhiteTeam "Austria"]
[BlackTeam "Slovenia"]
[WhiteTeamCountry "AUT"]
[BlackTeamCountry "SLO"]
[TimeControl "40/5400+30:1800+30"]

1. e4 d6 2. d4 Nf6 3. Nc3 e5 4. Nf3 Nbd7 5. Bc4 Be7 6. O-O O-O 7. h3 c6 8. a4 a5 9. Re1 Nb6 10. Ba2 Nfd7 11. Be3 exd4 12. Nxd4 Nc5 13. Qh5 Ncxa4 $11 14. Nxa4 Nxa4 15. Nf3 Nc5 16. Ng5 Bxg5 17. Bxg5 Qc7 18. Bf4 Nd7 19. Qd1 Ne5 20. Qd2 Ra6 21. Re3 c5 22. Rg3 Ng6 23. Bc4 Rb6 24. Rd1 Be6 25. Bxe6 Nxf4 26. Bc4 Rb4 27. Qxf4 Rxc4 28. Rxg7+ Kxg7 29. Qg5+ Kh8 30. Qf6+ Kg8 31. Qg5+ Kh8 32. Qf6+ Kg8 33. Qg5+ 1/2-1/2

[Event "Mitropa Cup Women 2019"]
[Site "Radenci"]
[Date "2019.05.29"]
[Round "3.15"]
[White "Urh, Zala"]
[Black "Hapala, Elisabeth"]
[Result "0-1"]
[ECO "E36"]
[WhiteElo "2099"]
[BlackElo "2122"]
[Annotator "NA"]
[PlyCount "68"]
[EventDate "2019.05.27"]
[EventType "team-tourn"]
[EventCountry "SLO"]
[SourceTitle "playchess.com"]
[Source "ChessBase"]
[SourceQuality "1"]
[WhiteTeam "Slovenia"]
[BlackTeam "Austria"]
[WhiteTeamCountry "SLO"]
[BlackTeamCountry "AUT"]
[TimeControl "40/5400+30:1800+30"]

1. d4 Nf6 2. c4 e6 3. Nc3 Bb4 4. Qc2 O-O 5. a3 Bxc3+ 6. Qxc3 d5 7. Nf3 dxc4 8. Qxc4 b6 9. h4 Ba6 10. Qa4 c5 11. dxc5 bxc5 12. Rh3 Qb6 13. Rg3 Kh8 14. Ne5 c4 15. Nxc4 Bxc4 16. Qxc4 Nbd7 17. Be3 Qxb2 18. Bd4 Qb7 19. Rb3 Qe4 20. Rc1 Qxh4 21. e3 Ne4 22. g3 Qh1 23. Qc6 Qf3 24. Rc2 e5 25. Bd3 Ng5 26. Bb2 e4 27. Bf1 Rad8 28. Rd2 Nb6 29. Qc3 f6 30. Qb4 Qf5 31. Rxd8 Nf3+ 32. Ke2 Rxd8 33. Bd4 Qg4 34. Qe7 Nxd4+ 0-1

[Event "Mitropa Cup Women 2019"]
[Site "Radenci"]
[Date "2019.05.29"]
[Round "3.16"]
[White "Froewis, Annika"]
[Black "Hercog, Nusa"]
[Result "0-1"]
[ECO "B82"]
[WhiteElo "2089"]
[BlackElo "2062"]
[Annotator "NA"]
[PlyCount "106"]
[EventDate "2019.05.27"]
[EventType "team-tourn"]
[EventCountry "SLO"]
[SourceTitle "playchess.com"]
[Source "ChessBase"]
[SourceQuality "1"]
[WhiteTeam "Austria"]
[BlackTeam "Slovenia"]
[WhiteTeamCountry "AUT"]
[BlackTeamCountry "SLO"]
[TimeControl "40/5400+30:1800+30"]

1. e4 c5 2. Nf3 Nc6 3. d4 cxd4 4. Nxd4 e6 5. Nc3 Qc7 6. Be3 a6 7. a3 Nf6 8. f4 d6 9. Qf3 Be7 10. Be2 {[%emt 0:10:36] B82: Sicilian Scheveningen: 6 f4} O-O 11. O-O-O Na5 $146 ({Predecessor:} 11... Rb8 12. g4 Nxd4 13. Bxd4 b5 14. g5 Nd7 15. Rhg1 b4 16. axb4 Rxb4 17. f5 Ne5 {½-½ (52) Jumabayev,R (2602)-Wang,H (2730) Makati 2018}) 12. e5 Ne8 13. Ne4 d5 14. Nd2 b5 15. Bd3 b4 16. axb4 Bxb4 17. Qh5 g6 (17... h6 $11) 18. Qh6 Rb8 19. h4 Nc4 20. Bxc4 dxc4 21. Ne4 f5 22. Ng5 Rf7 23. Nxf7 Qa5 24. Nb3 cxb3 25. cxb3 Bf8 26. Qg5 Kxf7 27. h5 Rxb3 28. hxg6+ hxg6 29. Rh7+ Bg7 30. Bd4 Bb7 31. Kc2 Qa4 32. Rxg7+ Nxg7 33. Qf6+ Kg8 34. Qd8+ Ne8 35. Kd2 Be4 36. Ke2 Qb5+ 37. Kf2 Rd3 38. Rxd3 Bxd3 39. Qe7 Ng7 40. Kg3 Qe8 41. Qd6 Bb5 42. Bc5 Nh5+ 43. Kh4 Nxf4 44. g3 Nd5 45. b4 Kf7 46. Kh3 g5 47. Kg2 Qh8 48. Kg1 g4 49. Bd4 Qh3 50. Bc5 Qxg3+ 51. Kh1 Qh3+ 52. Kg1 Qh8 53. Bf2 f4 0-1

[Event "Mitropa Cup Women 2019"]
[Site "Radenci"]
[Date "2019.05.30"]
[Round "4.1"]
[White "Georgescu, Lena"]
[Black "Unuk, Laura"]
[Result "0-1"]
[ECO "B13"]
[WhiteElo "2191"]
[BlackElo "2265"]
[Annotator "ChessBase"]
[PlyCount "106"]
[EventDate "2019.05.27"]
[EventType "team-tourn"]
[EventCountry "SLO"]
[SourceTitle "playchess.com"]
[Source "ChessBase"]
[SourceQuality "1"]
[WhiteTeam "Switzerland"]
[BlackTeam "Slovenia"]
[WhiteTeamCountry "SUI"]
[BlackTeamCountry "SLO"]
[TimeControl "40/5400+30:1800+30"]

1. e4 c6 2. d4 d5 3. exd5 cxd5 4. c4 Nf6 5. Nc3 Nc6 6. Bg5 Qa5 7. Bxf6 exf6 8. cxd5 Bb4 9. Qd2 Ne7 10. Bc4 O-O 11. Nge2 Bg4 12. f3 Rac8 13. Bb3 Bf5 14. O-O Rfd8 15. a3 Bd6 16. Rac1 Qc7 17. g3 Qb6 18. Ba2 h5 19. Ne4 Bb8 20. Rxc8 Bxc8 21. Rc1 Qb5 22. Bc4 Qd7 23. N2c3 b6 24. Re1 Bb7 25. Kg2 h4 26. d6 h3+ 27. Kf2 Bxd6 28. Nxd6 Qxd6 29. Bf1 Nf5 30. Bxh3 Nxd4 31. Bg2 Qc5 32. Qe3 Qc8 33. Rd1 Ne6 34. Rxd8+ Qxd8 35. f4 Bxg2 36. Kxg2 Nc5 37. b4 Ne6 38. Kf2 Qd7 39. Qe2 Qc6 40. Ne4 f5 41. Nd2 a5 42. bxa5 bxa5 43. Nf3 Qb6+ 44. Qe3 Qb2+ 45. Kg1 a4 46. Ng5 Qb3 47. Kf2 Nxg5 48. fxg5 Kh7 49. h4 Kg6 50. Qe7 Qa2+ 51. Kf3 Kh5 52. Qc5 Qb1 53. Qe7 Qf1+ 0-1

[Event "Mitropa Cup Women 2019"]
[Site "Radenci"]
[Date "2019.05.30"]
[Round "4.2"]
[White "Janzelj, Lara"]
[Black "De Seroux, Camille"]
[Result "1-0"]
[ECO "A57"]
[WhiteElo "2203"]
[BlackElo "2143"]
[Annotator "ChessBase"]
[PlyCount "51"]
[EventDate "2019.05.27"]
[EventType "team-tourn"]
[EventCountry "SLO"]
[SourceTitle "playchess.com"]
[Source "ChessBase"]
[SourceQuality "1"]
[WhiteTeam "Slovenia"]
[BlackTeam "Switzerland"]
[WhiteTeamCountry "SLO"]
[BlackTeamCountry "SUI"]
[TimeControl "40/5400+30:1800+30"]

1. d4 Nf6 2. c4 c5 3. d5 b5 4. cxb5 a6 5. e3 g6 6. Nc3 Bg7 7. Nf3 O-O 8. a4 Bb7 9. Ra3 e6 10. dxe6 fxe6 11. Qd6 axb5 12. axb5 Rxa3 13. bxa3 Ng4 14. Nd1 Rxf3 15. gxf3 Bxf3 16. Rg1 Be5 17. Qxc5 Bxd1 18. Rxg4 d6 19. Rd4 Nd7 20. Qc4 Bxd4 21. Qxe6+ Kh8 22. exd4 Nf8 23. Qf7 Bg4 24. Bc4 Nd7 25. Bd2 Nb6 26. Bg5 1-0

[Event "Mitropa Cup Women 2019"]
[Site "Radenci"]
[Date "2019.05.30"]
[Round "4.3"]
[White "Hund, Sarah"]
[Black "Hercog, Nusa"]
[Result "1-0"]
[ECO "B30"]
[WhiteElo "2016"]
[BlackElo "2062"]
[Annotator "NA"]
[PlyCount "85"]
[EventDate "2019.05.27"]
[EventType "team-tourn"]
[EventCountry "SLO"]
[SourceTitle "playchess.com"]
[Source "ChessBase"]
[SourceQuality "1"]
[WhiteTeam "Switzerland"]
[BlackTeam "Slovenia"]
[WhiteTeamCountry "SUI"]
[BlackTeamCountry "SLO"]
[TimeControl "40/5400+30:1800+30"]

1. e4 c5 2. Nc3 Nc6 3. Bb5 Nd4 4. Bc4 e6 5. Nf3 Nf6 6. O-O a6 7. d3 b5 8. Bb3 Nxb3 9. axb3 Bb7 10. e5 Nd5 11. Nxd5 Bxd5 12. Ng5 h6 13. c4 Bb7 14. Ne4 Qc7 15. Qf3 Bxe4 16. Qxe4 Ra7 17. Be3 b4 18. Rfe1 Be7 19. Qg4 g6 20. Bd2 Bf8 21. Qe4 Bg7 22. d4 O-O 23. dxc5 a5 24. Be3 Raa8 25. Bd4 Kh7 26. Re3 Qd8 27. Rd3 Qe7 28. Be3 f5 29. exf6 Bxf6 30. Rad1 Rad8 31. Qb7 Rf7 32. c6 d6 33. Qxe7 Bxe7 34. Bb6 Rc8 35. c7 Rf5 36. Re3 e5 37. c5 Rf6 38. Bxa5 dxc5 39. Rxe5 Bd6 40. Red5 Be7 41. Rd8 Rf8 42. Rxf8 Rxf8 43. Rd8 1-0

[Event "Mitropa Cup Women 2019"]
[Site "Radenci"]
[Date "2019.05.30"]
[Round "4.4"]
[White "Kuhar, Larisa"]
[Black "Pellicoro, Nathalie"]
[Result "0-1"]
[ECO "B49"]
[WhiteElo "1930"]
[BlackElo "1893"]
[Annotator "NA"]
[PlyCount "68"]
[EventDate "2019.05.27"]
[EventType "team-tourn"]
[EventCountry "SLO"]
[SourceTitle "playchess.com"]
[Source "ChessBase"]
[SourceQuality "1"]
[WhiteTeam "Slovenia"]
[BlackTeam "Switzerland"]
[WhiteTeamCountry "SLO"]
[BlackTeamCountry "SUI"]
[TimeControl "40/5400+30:1800+30"]

1. e4 c5 2. Nf3 e6 3. d4 cxd4 4. Nxd4 Nc6 5. Nc3 Qc7 6. Be2 Nf6 7. O-O a6 8. Be3 b5 9. a3 Bb7 10. f4 Bc5 11. Bf3 e5 12. fxe5 Nxe5 13. Kh1 Nc4 14. Bc1 O-O 15. Nf5 Qe5 16. Qd3 Rad8 17. b3 d5 18. exd5 Nxd5 19. Bxd5 Bxd5 20. Bf4 Qe6 21. Qh3 Nd6 22. Bxd6 Bxd6 23. Qg4 g6 24. Rae1 Be5 25. Qg5 f6 26. Nh6+ Kg7 27. Qe3 Bb7 28. h3 Qc6 29. Ne4 Qxe4 30. Qxe4 Bxe4 31. Ng4 Bxc2 32. Nxe5 fxe5 33. Rxf8 Rxf8 34. Rxe5 Bxb3 0-1

[Event "Mitropa Cup Women 2019"]
[Site "Radenci"]
[Date "2019.05.30"]
[Round "4.5"]
[White "Gueci, Tea"]
[Black "Navrotescu, Andreea-Cristiana"]
[Result "0-1"]
[ECO "C11"]
[WhiteElo "2251"]
[BlackElo "2233"]
[Annotator "ChessBase"]
[PlyCount "88"]
[EventDate "2019.05.27"]
[EventType "team-tourn"]
[EventCountry "SLO"]
[SourceTitle "playchess.com"]
[Source "ChessBase"]
[SourceQuality "1"]
[WhiteTeam "Italy"]
[BlackTeam "France"]
[WhiteTeamCountry "ITA"]
[BlackTeamCountry "FRA"]
[TimeControl "40/5400+30:1800+30"]

1. e4 e6 2. d4 d5 3. Nc3 Nf6 4. e5 Nfd7 5. f4 c5 6. Nf3 Nc6 7. Be3 cxd4 8. Nxd4 Qb6 9. Qd2 Qxb2 10. Rb1 Qa3 11. Bb5 Nxd4 12. Bxd4 a6 13. Bxd7+ Bxd7 14. Rb3 Qe7 15. Rxb7 Rc8 16. O-O Qa3 17. Rfb1 Bc5 18. Ne2 Qxa2 19. Bxc5 Rxc5 20. Nd4 Bc8 21. R7b2 Qa5 22. Qf2 Qc7 23. f5 Rc4 24. fxe6 O-O 25. Rf1 Qe7 26. exf7+ Qxf7 27. Qxf7+ Rxf7 28. Rxf7 Kxf7 29. Nf3 a5 30. Rb5 a4 31. Ra5 h6 32. c3 Ke6 33. Kf2 Bd7 34. Ra6+ Ke7 35. Ra5 Rxc3 36. Rxd5 a3 37. Ra5 Rc2+ 38. Kg3 a2 39. Nd4 Rd2 40. Nf3 Rb2 41. Nd4 Rb4 42. e6 Ra4 43. Nf5+ Kxe6 44. Nd4+ {[%emt 0:00:35] Ke5} Kf7 0-1

[Event "Mitropa Cup Women 2019"]
[Site "Radenci"]
[Date "2019.05.30"]
[Round "4.6"]
[White "Afraoui, Anaelle"]
[Black "Santeramo, Alessia"]
[Result "1/2-1/2"]
[ECO "C91"]
[WhiteElo "2068"]
[BlackElo "2074"]
[Annotator "NA"]
[PlyCount "101"]
[EventDate "2019.05.27"]
[EventType "team-tourn"]
[EventCountry "SLO"]
[SourceTitle "playchess.com"]
[Source "ChessBase"]
[SourceQuality "1"]
[WhiteTeam "France"]
[BlackTeam "Italy"]
[WhiteTeamCountry "FRA"]
[BlackTeamCountry "ITA"]
[TimeControl "40/5400+30:1800+30"]

1. e4 e5 2. Nf3 Nc6 3. Bb5 a6 4. Ba4 Nf6 5. O-O Be7 6. Re1 b5 7. Bb3 d6 8. c3 O-O 9. d4 Bg4 10. d5 Na5 11. Bc2 c6 12. h3 Bc8 13. dxc6 Qc7 14. Nbd2 Qxc6 15. Nf1 Be6 16. Ng5 {[%emt 0:00:10] C91: Closed Ruy Lopez: 7...d6 8 c3 0-0 9 d4} (16. Ng3 Rfe8 17. Ng5 Bd7 18. Nf3 Rac8 19. a4 b4 20. cxb4 Qxc2 21. bxa5 Be6 22. Bg5 Qxb2 23. Bxf6 Bxf6 24. Qxd6 {½-½ (47) Liu,Q (2527)-Jakovenko,D (2749) China 2018}) 16... Bd7 17. Ng3 g6 18. a4 Nc4 19. f4 $17 ({Predecessor:} 19. b3 $11 Na5 20. Qd3 (20. axb5 axb5 21. Bd2 Ra6 22. Nf1 Rfa8 23. Ne3 Qc8 24. b4 {1-0 (45) Kiolbasa,O (2319)-Santeramo,A (2137) Bhubaneswar 2016})) 19... Bd8 20. axb5 Bb6+ 21. Kh2 axb5 22. Rxa8 Rxa8 23. Bb3 Bf2 24. Rf1 Bxg3+ 25. Kxg3 Nxe4+ 26. Nxe4 Qxe4 27. Bc2 Qc6 28. fxe5 dxe5 29. Qe2 Re8 30. Be4 Qc7 31. Kh2 f5 32. Bc2 Bc6 33. b3 Nb6 34. c4 bxc4 35. bxc4 Ba4 36. c5 Bxc2 37. cxb6 Qc6 38. Be3 f4 39. Bg1 Bf5 40. Rc1 Qxc1 41. Qb5 Rd8 42. b7 f3 43. Qxe5 Qb1 44. Bd4 Kf7 45. Qc7+ Ke6 46. Qxd8 Qxb7 47. Qf6+ Kd5 48. Qe5+ Kc6 49. Qf6+ Kd5 50. Qe5+ Kc6 51. Qf6+ 1/2-1/2

[Event "Mitropa Cup Women 2019"]
[Site "Radenci"]
[Date "2019.05.30"]
[Round "4.7"]
[White "Palma, Maria"]
[Black "Choisy, Mathilde"]
[Result "1/2-1/2"]
[ECO "E67"]
[WhiteElo "2018"]
[BlackElo "2113"]
[Annotator "ChessBase"]
[PlyCount "76"]
[EventDate "2019.05.27"]
[EventType "team-tourn"]
[EventCountry "SLO"]
[SourceTitle "playchess.com"]
[Source "ChessBase"]
[SourceQuality "1"]
[WhiteTeam "Italy"]
[BlackTeam "France"]
[WhiteTeamCountry "ITA"]
[BlackTeamCountry "FRA"]
[TimeControl "40/5400+30:1800+30"]

1. c4 Nf6 2. g3 g6 3. Bg2 Bg7 4. Nc3 O-O 5. Nf3 d6 6. d4 Nbd7 7. O-O e5 8. h3 Re8 9. Be3 Qe7 10. Rc1 c6 11. dxe5 Nxe5 12. Nxe5 dxe5 13. Qa4 Be6 14. Rfd1 Nd7 15. b3 f5 16. Nb1 Rf8 17. Qa3 Qxa3 18. Nxa3 e4 19. Nc2 Ne5 20. Rd6 Rfe8 21. Rdd1 h6 22. Bc5 b6 23. Bd4 Rad8 24. Ba1 c5 25. Kf1 Bf7 26. Ne3 Nc6 27. Bxg7 Kxg7 28. Rxd8 Rxd8 29. Rd1 Rxd1+ 30. Nxd1 Kf6 31. Ke1 Ke5 32. Kd2 g5 33. Nc3 Nd4 34. e3 Nc6 35. f3 Bg6 36. Nd5 Bf7 37. Nc3 Bg6 38. Nd5 Bf7 1/2-1/2

[Event "Mitropa Cup Women 2019"]
[Site "Radenci"]
[Date "2019.05.30"]
[Round "4.8"]
[White "Djidjeli, Sarah"]
[Black "Raccanello, Marianna"]
[Result "1-0"]
[ECO "B42"]
[WhiteElo "2012"]
[BlackElo "2019"]
[Annotator "NA"]
[PlyCount "49"]
[EventDate "2019.05.27"]
[EventType "team-tourn"]
[EventCountry "SLO"]
[SourceTitle "playchess.com"]
[Source "ChessBase"]
[SourceQuality "1"]
[WhiteTeam "France"]
[BlackTeam "Italy"]
[WhiteTeamCountry "FRA"]
[BlackTeamCountry "ITA"]
[TimeControl "40/5400+30:1800+30"]

1. e4 c5 2. Nf3 e6 3. d4 cxd4 4. Nxd4 a6 5. Bd3 Bc5 6. Nb3 Ba7 7. O-O Nc6 8. N1d2 d6 9. Nf3 Nge7 10. Qe2 e5 11. Be3 O-O 12. Rfd1 Qc7 13. c4 Bxe3 14. Qxe3 b6 15. Qd2 Bb7 16. Nc1 f5 17. exf5 Nxf5 18. Bxf5 Rxf5 19. Qxd6 Rd8 20. Qe6+ Rf7 21. Ne2 h6 22. Nc3 Nd4 23. Nxd4 exd4 24. Nd5 Qxc4 25. Ne7+ 1-0